[Event "January 9 Early 2024"]
[Site "https://www.chess.com"]
[Date "2024.01.11"]
[Round "9"]
[White "Navara, David"]
[Black "Grischuk, Alexander"]
[Result "1/2-1/2"]
[Board "25"]
[TimeControl "180+1"]
[WhiteFideId "309095"]
[BlackFideId "4126025"]
[WhiteElo "3019"]
[BlackElo "3073"]
[WhiteTeam "CZE"]
[BlackTeam "RUS"]
[WhiteClock "0:01:39"]
[BlackClock "0:01:05"]

1. d4 d5 2. c4 c6 3. Nc3 Nf6 4. e3 e6 5. Nf3 Nbd7 6. Qc2 Bd6 7. b3 O-O 8. Be2 e5 9. cxd5 Nxd5 10. Nxd5 cxd5 11. dxe5 Nxe5 12. Bb2 Bb4+ 13. Kf1 Nxf3 14. Bxf3 Be6 15. Qd3 Be7 16. h4 Bf6 17. Bd4 Rc8 18. g3 Bxd4 19. Qxd4 Qf6 20. Qxf6 gxf6 21. Kg2 Rc2 22. Rhd1 Rfc8 23. Bxd5 Bxd5+ 24. Rxd5 Rb2 25. Rd7 Rcc2 26. Rf1 Rxa2 27. Rxb7 a5 28. g4 h6 29. Rb5 Kg7 30. Kg3 Rcb2 31. f3 Ra3 32. g5 hxg5 33. hxg5 Rbxb3 34. gxf6+ Kxf6 35. Rxb3 Rxb3 36. Ra1 Rxe3 37. Rxa5 1/2-1/2

[Event "January 9 Early 2024"]
[Site "https://www.chess.com"]
[Date "2024.01.11"]
[Round "9"]
[White "Vestby-Ellingsen, Mads"]
[Black "De Winter, Arthur"]
[Result "1-0"]
[Board "26"]
[TimeControl "180+1"]
[WhiteFideId "1520857"]
[BlackFideId "1069020"]
[WhiteElo "2651"]
[BlackElo "2777"]
[WhiteTeam "NOR"]
[BlackTeam "NED"]
[WhiteClock "0:01:16"]
[BlackClock "0:01:09"]

1. d4 Nf6 2. Bg5 Ne4 3. Bh4 c5 4. Nd2 Nxd2 5. Qxd2 cxd4 6. Qxd4 Nc6 7. Qd2 g6 8. e4 Bg7 9. c3 O-O 10. Nf3 d6 11. Be2 Bg4 12. O-O Rc8 13. h3 Bxf3 14. Bxf3 Ne5 15. Be2 Qc7 16. Kh1 a6 17. f4 Nc4 18. Bxc4 Qxc4 19. Bxe7 Rfe8 20. Bxd6 Rxe4 21. Ba3 Re2 22. Qd7 Rce8 23. Qxb7 h5 24. Rad1 Qxa2 25. Qxa6 Rxb2 26. Ra1 Rxg2 27. Rxa2 Rxa2 28. Qd6 Ree2 29. f5 Be5 30. Qf8+ Kh7 31. Qxf7+ Kh8 32. Qf8+ Kh7 33. fxg6+ Kxg6 1-0

[Event "January 9 Early 2024"]
[Site "https://www.chess.com"]
[Date "2024.01.11"]
[Round "9"]
[White "Yurasov, Matfey"]
[Black "Dyulgerov, Volen"]
[Result "1-0"]
[Board "27"]
[TimeControl "180+1"]
[WhiteFideId "55617603"]
[BlackFideId "2918978"]
[WhiteElo "2532"]
[BlackElo "2370"]
[WhiteTeam "FID"]
[BlackTeam "BUL"]
[WhiteClock "0:02:09"]
[BlackClock "0:00:01"]

1. e4 c5 2. Nf3 d6 3. Bb5+ Nd7 4. O-O g6 5. Re1 Bg7 6. c3 a6 7. Bf1 Ngf6 8. d4 O-O 9. h3 b5 10. e5 Ne8 11. e6 fxe6 12. Ng5 Ndf6 13. Nxe6 Bxe6 14. Rxe6 Nh5 15. Re1 e5 16. dxe5 Rxf2 17. Kxf2 Qh4+ 18. Kg1 Bxe5 19. Rxe5 dxe5 20. Qd5+ Kg7 21. Qxa8 Nef6 22. Qf3 Ne4 23. Nd2 Neg3 24. Qf2 Nf4 25. Nf3 Qh5 26. Qxg3 1-0

[Event "January 9 Early 2024"]
[Site "https://www.chess.com"]
[Date "2024.01.11"]
[Round "9"]
[White "Shuvalova, Polina"]
[Black "Salman, Ilhan Serhat"]
[Result "0-1"]
[Board "28"]
[TimeControl "180+1"]
[WhiteFideId "24171760"]
[BlackFideId "6361579"]
[WhiteElo "2723"]
[BlackElo "2515"]
[WhiteTeam "RUS"]
[BlackTeam "TUR"]
[WhiteClock "0:01:01"]
[BlackClock "0:01:03"]

1. e4 d5 2. exd5 Qxd5 3. Nc3 Qa5 4. d4 Nf6 5. Nf3 Bg4 6. h3 Bh5 7. d5 c6 8. dxc6 Nxc6 9. Bb5 Rd8 10. Qe2 e6 11. O-O Bd6 12. Bg5 Be7 13. Qe5 O-O 14. Bxf6 Nxe5 15. Bxe7 Nxf3+ 16. gxf3 Bxf3 17. Bxf8 Kxf8 18. Rfe1 a6 19. Bf1 Qg5+ 20. Kh2 Rd2 0-1

[Event "January 9 Early 2024"]
[Site "https://www.chess.com"]
[Date "2024.01.11"]
[Round "9"]
[White "Finek, Vaclav"]
[Black "Cieslak, Patryk"]
[Result "1-0"]
[Board "29"]
[TimeControl "180+1"]
[WhiteFideId "23718293"]
[BlackFideId "21078882"]
[WhiteElo "2816"]
[BlackElo "2692"]
[WhiteTeam "CZE"]
[BlackTeam "POL"]
[WhiteClock "0:01:51"]
[BlackClock "0:00:57"]

1. d4 d5 2. c4 e6 3. Nf3 Nf6 4. g3 Be7 5. Bg2 O-O 6. O-O dxc4 7. Ne5 Nc6 8. Nxc6 bxc6 9. Na3 c3 10. bxc3 Bd7 11. Nc4 c5 12. Bxa8 Qxa8 13. Ne5 Bb5 14. c4 Ba6 15. Ba3 Rd8 16. Qa4 Bb7 17. Bxc5 Bxc5 18. dxc5 h5 19. Rfd1 Re8 20. c6 Bc8 21. Qa5 Ng4 22. Nxg4 hxg4 23. Qxc7 Ba6 24. Rd7 Rc8 25. Qd6 Kh7 26. c7 Qe4 27. Qd3 Bb7 28. Qxe4+ Bxe4 29. Rxf7 Kg6 30. Rd7 Kf6 31. Rad1 Bc6 32. R7d4 Rxc7 33. Rxg4 Rb7 34. Rf4+ Ke5 35. h4 Rb2 36. Rf7 Rxa2 37. Rxg7 a5 38. h5 a4 39. h6 Kf6 40. Rg8 Be4 41. f3 Bh7 42. Rg7 Bg6 43. Kf2 a3 44. Ra7 Kg5 45. h7 Bd3 1-0

[Event "January 9 Early 2024"]
[Site "https://www.chess.com"]
[Date "2024.01.11"]
[Round "9"]
[White "Makaraci, Tunahan"]
[Black "Spichkin, Alexander"]
[Result "1-0"]
[Board "30"]
[TimeControl "180+1"]
[WhiteFideId "6356559"]
[BlackFideId "4144074"]
[WhiteElo "2555"]
[BlackElo "2411"]
[WhiteTeam "TUR"]
[BlackTeam "RUS"]
[WhiteClock "0:00:44"]
[BlackClock "0:01:37"]

1. e4 e5 2. Nc3 d5 3. exd5 Nf6 4. d4 Nxd5 5. dxe5 Bb4 6. Bd2 Bxc3 7. bxc3 O-O 8. Bd3 Qh4 9. g3 Qe7 10. Qe2 Nc6 11. f4 g6 12. Nf3 Bg4 13. h3 Bxf3 14. Qxf3 Qc5 15. Qf2 Qa3 16. Bc4 Nxc3 17. Qe3 Nb4 18. Qxc3 Qxc3 19. Bxc3 Nxc2+ 20. Ke2 Nxa1 21. Rxa1 c6 22. g4 Rfd8 23. f5 b5 24. Bb3 c5 25. e6 c4 26. exf7+ Kf8 27. Bc2 Kxf7 28. fxg6+ hxg6 29. Rf1+ Ke6 30. Rf6+ Kd5 31. Bxg6 a5 32. a3 Kc5 33. Be4 Rab8 34. Rc6# 1-0

[Event "January 9 Early 2024"]
[Site "https://www.chess.com"]
[Date "2024.01.11"]
[Round "9"]
[White "Chan, Wei Xuan Timothy"]
[Black "Lysyj, Igor"]
[Result "0-1"]
[Board "31"]
[TimeControl "180+1"]
[WhiteFideId "5802032"]
[BlackFideId "4150120"]
[WhiteElo "2716"]
[BlackElo "2858"]
[WhiteTeam "SGP"]
[BlackTeam "FID"]
[WhiteClock "0:00:28"]
[BlackClock "0:01:36"]

1. e4 e5 2. Nf3 Nc6 3. d4 exd4 4. Bc4 Bc5 5. O-O d6 6. c3 Bg4 7. h3 Bxf3 8. Qxf3 Nf6 9. Bg5 O-O 10. cxd4 Bxd4 11. Nc3 Ne5 12. Qe2 Bxc3 13. bxc3 Nxc4 14. Qxc4 c6 15. f4 d5 16. Qb4 dxe4 17. Qxb7 Qb6+ 18. Qxb6 axb6 19. Bxf6 gxf6 20. f5 Rfe8 21. Rf4 Re5 22. Kf2 Ra3 23. c4 Rc3 24. Rb1 Rxc4 25. Rxb6 e3+ 0-1

[Event "January 9 Early 2024"]
[Site "https://www.chess.com"]
[Date "2024.01.11"]
[Round "9"]
[White "Tarhan, Adar"]
[Black "Srdanovic, Jovana"]
[Result "1-0"]
[Board "32"]
[TimeControl "180+1"]
[WhiteFideId "34544712"]
[BlackFideId "954810"]
[WhiteElo "2693"]
[BlackElo "2559"]
[WhiteTeam "TUR"]
[BlackTeam "SRB"]
[WhiteClock "0:01:28"]
[BlackClock "0:00:46"]

1. e4 c5 2. Nf3 Nf6 3. e5 Nd5 4. Nc3 Nxc3 5. dxc3 Nc6 6. Bc4 e6 7. O-O Qc7 8. Bf4 h6 9. Re1 Be7 10. Qe2 b6 11. Rad1 Bb7 12. Rd2 a6 13. a4 O-O 14. Red1 Rfd8 15. Bd3 Na5 16. c4 Bc6 17. b3 Qb7 18. Bg3 Bxf3 19. gxf3 Rac8 20. f4 d5 21. cxd5 Rxd5 22. Be4 Rxd2 23. Rxd2 Qc7 24. f5 c4 25. fxe6 fxe6 26. Qg4 cxb3 27. Qxe6+ Kf8 28. Bd5 Bg5 29. Qg8+ Ke7 30. Qf7+ Kd8 31. Qf8+ Kd7 32. e6# 1-0

[Event "January 9 Early 2024"]
[Site "https://www.chess.com"]
[Date "2024.01.11"]
[Round "9"]
[White "Rustamov, Rustam"]
[Black "Mirzoev, Azer"]
[Result "1-0"]
[Board "33"]
[TimeControl "180+1"]
[WhiteFideId "13440110"]
[BlackFideId "13400304"]
[WhiteElo "2886"]
[BlackElo "2648"]
[WhiteTeam "AZE"]
[BlackTeam "AZE"]
[WhiteClock "0:02:00"]
[BlackClock "0:00:06"]

1. e4 c6 2. Nc3 d5 3. Nf3 a6 4. d4 Bg4 5. h3 Bh5 6. Be2 e6 7. exd5 cxd5 8. Ne5 Bxe2 9. Nxe2 Nc6 10. O-O Nxe5 11. dxe5 Ne7 12. Nd4 Nc6 13. Nxc6 bxc6 14. Qg4 Qb8 15. Bf4 g6 16. b3 Bg7 17. Rfe1 O-O 18. h4 a5 19. h5 a4 20. g3 axb3 21. cxb3 c5 22. Kg2 d4 23. Rh1 Rd8 24. hxg6 hxg6 25. Qh4 Qb7+ 26. f3 d3 27. Bg5 Rd5 28. Qh7+ Kf8 29. Qh8+ 1-0

[Event "January 9 Early 2024"]
[Site "https://www.chess.com"]
[Date "2024.01.11"]
[Round "9"]
[White "Sakun, Volodymyr"]
[Black "Aashman Gupta"]
[Result "1/2-1/2"]
[Board "34"]
[TimeControl "180+1"]
[WhiteFideId "14114062"]
[BlackFideId "45022500"]
[WhiteElo "2621"]
[BlackElo "2490"]
[WhiteTeam "UKR"]
[BlackTeam "IND"]
[WhiteClock "0:00:45"]
[BlackClock "0:01:01"]

1. d4 Nf6 2. c4 e6 3. Nf3 Bb4+ 4. Nbd2 b6 5. a3 Be7 6. e4 d5 7. cxd5 exd5 8. e5 Ne4 9. Bd3 Bb7 10. Qc2 Nxd2 11. Bxd2 c5 12. dxc5 bxc5 13. Qa4+ Nd7 14. Qg4 g6 15. e6 fxe6 16. Bxg6+ hxg6 17. Qxg6+ Kf8 18. Bh6+ Rxh6 19. Qxh6+ Kf7 20. Qh7+ Kf8 21. Qh8+ Kf7 22. Qh7+ Kf6 23. Qh6+ Kf7 24. Qh7+ 1/2-1/2

[Event "January 9 Early 2024"]
[Site "https://www.chess.com"]
[Date "2024.01.11"]
[Round "9"]
[White "Shimanov, Aleksandr"]
[Black "Pichot, Alan"]
[Result "1-0"]
[Board "35"]
[TimeControl "180+1"]
[WhiteFideId "4198603"]
[BlackFideId "110973"]
[WhiteElo "2999"]
[BlackElo "2834"]
[WhiteTeam "RUS"]
[BlackTeam "ESP"]
[WhiteClock "0:02:09"]
[BlackClock "0:00:06"]

1. e4 c5 2. d4 cxd4 3. Qxd4 Nc6 4. Qd3 Nf6 5. Nc3 g6 6. Nf3 d6 7. Be2 Bg7 8. O-O O-O 9. Nd5 Bg4 10. c3 Nd7 11. Bg5 h6 12. Bh4 Re8 13. Rad1 Rb8 14. Qe3 Bxf3 15. Bxf3 b5 16. a3 a5 17. b4 axb4 18. axb4 Nde5 19. Be2 Qc8 20. f4 Nc4 21. Bxc4 bxc4 22. f5 g5 23. Bg3 Ne5 24. h4 f6 25. Bxe5 dxe5 26. hxg5 hxg5 27. Ra1 Rb7 28. Ra6 Kf7 29. Rfa1 Qd7 30. Re6 Qc8 31. Ra7 Kf8 32. Rxb7 Qxb7 33. Qc5 Kf7 34. b5 Bf8 35. Rc6 Qa8 36. Ra6 Qb8 37. Ra7 Rc8 38. Rxe7+ 1-0

[Event "January 9 Early 2024"]
[Site "https://www.chess.com"]
[Date "2024.01.11"]
[Round "9"]
[White "Goltseva, Ekaterina"]
[Black "Mazurkiewicz, Michal"]
[Result "0-1"]
[Board "36"]
[TimeControl "180+1"]
[WhiteFideId "24173770"]
[BlackFideId "1124943"]
[WhiteElo "2580"]
[BlackElo "2462"]
[WhiteTeam "RUS"]
[BlackTeam "POL"]
[WhiteClock "0:00:55"]
[BlackClock "0:01:42"]

1. d4 Nf6 2. c4 e5 3. dxe5 Ng4 4. Bf4 Nc6 5. Nf3 Bb4+ 6. Nc3 Bxc3+ 7. bxc3 Qe7 8. Qd5 f6 9. exf6 Nxf6 10. Qd1 d6 11. e3 O-O 12. Be2 Ne5 13. Nd4 Ne4 14. Qc2 Nxf2 15. Kxf2 g5 16. g3 c5 17. Nb3 Be6 18. Kg2 gxf4 19. exf4 Nxc4 20. Qe4 Bh3+ 21. Kf3 Bg2+ 22. Kxg2 Qxe4+ 23. Bf3 Ne3+ 24. Kf2 Qc2+ 0-1

[Event "January 9 Early 2024"]
[Site "https://www.chess.com"]
[Date "2024.01.11"]
[Round "9"]
[White "Buscar, Michael"]
[Black "Coca Cubillos, Jesus Alberto"]
[Result "0-1"]
[Board "37"]
[TimeControl "180+1"]
[WhiteFideId "2603616"]
[BlackFideId "4462912"]
[WhiteElo "2417"]
[BlackElo "2570"]
[WhiteTeam "CAN"]
[BlackTeam "COL"]
[WhiteClock "0:00:11"]
[BlackClock "0:02:02"]

1. d4 g6 2. Nf3 Bg7 3. g3 d6 4. Bg2 Nh6 5. Nbd2 Nc6 6. c3 O-O 7. e4 e5 8. d5 Ne7 9. O-O f5 10. a4 Kh8 11. a5 f4 12. a6 b6 13. Ne1 g5 14. f3 Ng6 15. g4 Ng8 16. Nd3 Nf6 17. Nb4 Bd7 18. Rf2 h5 19. h3 Nh4 20. Bf1 Rf7 21. Nc6 Qe8 22. Bc4 Bf8 23. Rh2 Rh7 24. Bb5 Qc8 25. Ra2 hxg4 26. hxg4 Nxg4 27. fxg4 Bxg4 28. Be2 Bxe2 29. Qxe2 f3 30. Qf2 Qg4+ 31. Kf1 Kg7 32. b4 Kg6 33. Ke1 Rf7 34. Kd1 Bg7 35. Kc2 Bf6 36. Kd3 Bd8 37. Nc4 Ng2 38. Ne3 Nf4+ 39. Kc2 Qd7 40. Nf5 Rxf5 41. exf5+ Qxf5+ 42. Kb2 Nd3+ 0-1

[Event "January 9 Early 2024"]
[Site "https://www.chess.com"]
[Date "2024.01.11"]
[Round "9"]
[White "Paravyan, David"]
[Black "Beerdsen, Thomas"]
[Result "1-0"]
[Board "38"]
[TimeControl "180+1"]
[WhiteFideId "4194985"]
[BlackFideId "1030108"]
[WhiteElo "3012"]
[BlackElo "2851"]
[WhiteTeam "FID"]
[BlackTeam "NED"]
[WhiteClock "0:01:02"]
[BlackClock "0:01:19"]

1. e4 e5 2. Nf3 Nc6 3. Bc4 Nf6 4. d3 h6 5. a4 d6 6. a5 a6 7. O-O Bg4 8. Nbd2 g5 9. c3 Qd7 10. Re1 Bg7 11. Nf1 O-O-O 12. Ne3 Be6 13. b4 d5 14. exd5 Nxd5 15. Qb3 Nf4 16. b5 axb5 17. Qxb5 Bxc4 18. Nxc4 Qd5 19. Qxd5 Nxd5 20. Bd2 f5 21. Nfxe5 Nxe5 22. Nxe5 Rhe8 23. d4 c5 24. a6 bxa6 25. Rxa6 cxd4 26. cxd4 Kb7 27. Rg6 Bxe5 28. Rb1+ Kc8 29. dxe5 Rxe5 30. Rxh6 f4 31. h4 gxh4 32. Rxh4 f3 33. gxf3 Re2 34. Rc1+ Kd7 35. Rd4 Ke6 36. Re4+ Rxe4 37. fxe4 Nf6 38. Bg5 Rg8 39. Rc6+ Ke5 40. f4+ Kxe4 41. Rxf6 Kf3 42. Rc6 Rc8 43. Rxc8 1-0

[Event "January 9 Early 2024"]
[Site "https://www.chess.com"]
[Date "2024.01.11"]
[Round "9"]
[White "Saha, Ananda"]
[Black "Chemin, Justo Reinaldo"]
[Result "1-0"]
[Board "39"]
[TimeControl "180+1"]
[WhiteFideId "2619644"]
[BlackFideId "2101580"]
[WhiteElo "2478"]
[BlackElo "2248"]
[WhiteTeam "CAN"]
[BlackTeam "BRA"]
[WhiteClock "0:00:48"]
[BlackClock "0:01:00"]

1. e4 d5 2. exd5 Qxd5 3. Nc3 Qa5 4. d4 c6 5. Nf3 Nf6 6. Bc4 Bg4 7. h3 Bxf3 8. Qxf3 Nbd7 9. Bd2 Qb4 10. Qe2 e6 11. Nd5 Qxb2 12. Nc7+ Kd8 13. O-O Kxc7 14. Rfb1 Qxd4 15. Rd1 Bc5 16. Ba5+ b6 17. Rxd4 Bxd4 18. Rd1 Bc5 19. Bc3 Rad8 20. g4 h6 21. Qf3 Nf8 22. Rxd8 Kxd8 23. Bxf6+ 1-0

[Event "January 9 Early 2024"]
[Site "https://www.chess.com"]
[Date "2024.01.11"]
[Round "9"]
[White "So, Wesley"]
[Black "Pakleza, Zbigniew"]
[Result "1-0"]
[Board "40"]
[TimeControl "180+1"]
[WhiteFideId "5202213"]
[BlackFideId "1119290"]
[WhiteElo "3056"]
[BlackElo "2871"]
[WhiteTeam "USA"]
[BlackTeam "POL"]
[WhiteClock "0:00:54"]
[BlackClock "0:00:50"]

1. d4 d6 2. e4 Nf6 3. Nc3 c6 4. f4 Qb6 5. e5 Nd5 6. Nf3 Bg4 7. Be2 e6 8. Ne4 dxe5 9. fxe5 c5 10. Nfg5 Bf5 11. c4 Nb4 12. O-O h6 13. Nxf7 Kxf7 14. g4 g6 15. d5 Kg7 16. gxf5 exf5 17. Ng3 Nd7 18. e6 Nf6 19. a3 Na6 20. Kh1 Bd6 21. Nxf5+ gxf5 22. Rxf5 Qd8 23. Qg1+ 1-0

[Event "January 9 Early 2024"]
[Site "https://www.chess.com"]
[Date "2024.01.11"]
[Round "9"]
[White "Bindrich, Falko"]
[Black "Rakitin, Daniil"]
[Result "1-0"]
[Board "41"]
[TimeControl "180+1"]
[WhiteFideId "4676670"]
[BlackFideId "24219762"]
[WhiteElo "2822"]
[BlackElo "2681"]
[WhiteTeam "GER"]
[BlackTeam "RUS"]
[WhiteClock "0:01:35"]
[BlackClock "0:00:02"]

1. d4 Nf6 2. c4 d6 3. Nc3 Nbd7 4. Nf3 e5 5. e4 c6 6. Be2 Be7 7. O-O O-O 8. Re1 a6 9. b3 b5 10. Bf1 Bb7 11. Bb2 b4 12. Na4 Qc7 13. c5 exd4 14. Nxd4 dxc5 15. Nf5 Rfe8 16. e5 Nd5 17. Qg4 Bf8 18. Nh6+ Kh8 19. Nxf7+ Kg8 20. Bd3 N7b6 21. Nxb6 Nxb6 22. e6 Nd5 23. Qh5 h6 24. Qg6 Rxe6 25. Nxh6+ Kh8 26. Qh7# 1-0

[Event "January 9 Early 2024"]
[Site "https://www.chess.com"]
[Date "2024.01.11"]
[Round "9"]
[White "Ratnesan, Ranesh"]
[Black "Chu, Wei Chao"]
[Result "0-1"]
[Board "42"]
[TimeControl "180+1"]
[WhiteFideId "439339"]
[BlackFideId "8605661"]
[WhiteElo "2351"]
[BlackElo "2623"]
[WhiteTeam "ENG"]
[BlackTeam "CHN"]
[WhiteClock "0:00:14"]
[BlackClock "0:01:40"]

1. d4 Nf6 2. c4 e6 3. Nc3 Bb4 4. a3 Bxc3+ 5. bxc3 b6 6. f3 c5 7. e4 O-O 8. Bg5 d6 9. Bd3 Nc6 10. Ne2 h6 11. Bh4 e5 12. O-O g5 13. Bg3 Qe7 14. Bf2 Bd7 15. Be3 Rac8 16. d5 Na5 17. g3 Kg7 18. Qc2 b5 19. Qd1 Nxc4 20. Bxc4 bxc4 21. h4 g4 22. Qc2 gxf3 23. Rxf3 Ng4 24. Bd2 Rb8 25. Raf1 Rb3 26. Bc1 f6 27. Qd1 Qf7 28. Kg2 Qg6 29. Ng1 Qxe4 30. Re1 Qg6 0-1

[Event "January 9 Early 2024"]
[Site "https://www.chess.com"]
[Date "2024.01.11"]
[Round "9"]
[White "Klekowski, Maciej"]
[Black "Lu, Shanglei"]
[Result "0-1"]
[Board "43"]
[TimeControl "180+1"]
[WhiteFideId "1132717"]
[BlackFideId "8603332"]
[WhiteElo "2872"]
[BlackElo "3037"]
[WhiteTeam "POL"]
[BlackTeam "CHN"]
[WhiteClock "0:00:08"]
[BlackClock "0:01:24"]

1. c4 Nf6 2. Nc3 e6 3. Nf3 d5 4. e3 b6 5. b3 Bb7 6. Bb2 a6 7. g3 Bd6 8. Bg2 Nbd7 9. O-O Qe7 10. a3 h5 11. h3 h4 12. g4 dxc4 13. bxc4 Nxg4 14. d4 Ngf6 15. Qc2 g5 16. e4 g4 17. Nd2 gxh3 18. Bf3 Nh5 19. Ne2 Nf4 20. Kh1 Nxe2 21. Bxe2 Qg5 0-1

[Event "January 9 Early 2024"]
[Site "https://www.chess.com"]
[Date "2024.01.11"]
[Round "9"]
[White "Bologan, Victor"]
[Black "Drozdowski, Kacper"]
[Result "0-1"]
[Board "44"]
[TimeControl "180+1"]
[WhiteFideId "13900048"]
[BlackFideId "1136720"]
[WhiteElo "2782"]
[BlackElo "2969"]
[WhiteTeam "MDA"]
[BlackTeam "POL"]
[WhiteClock "0:00:40"]
[BlackClock "0:01:02"]

1. e4 c5 2. Nf3 e6 3. d4 cxd4 4. Nxd4 Nc6 5. Nc3 Qc7 6. Be2 a6 7. O-O Nf6 8. Kh1 Bc5 9. Be3 Nxd4 10. Bxd4 d6 11. f4 Bxd4 12. Qxd4 e5 13. Qe3 exf4 14. Rxf4 Be6 15. Qg3 O-O-O 16. Qxg7 Nd7 17. Qd4 Kb8 18. Rd1 Ne5 19. Qf2 h5 20. h3 Ng6 21. Rf3 Ne5 22. Rg3 h4 23. Re3 Qc5 24. Bf1 Rhg8 25. a3 Rg3 26. Re2 Qc8 27. Red2 Rdg8 28. Rxd6 Bxh3 29. gxh3 Rxh3+ 30. Bxh3 Qxh3+ 31. Qh2 Qf3+ 0-1

[Event "January 9 Early 2024"]
[Site "https://www.chess.com"]
[Date "2024.01.11"]
[Round "9"]
[White "Carre, Sylvain"]
[Black "Radibratovic, Predrag"]
[Result "0-1"]
[Board "45"]
[TimeControl "180+1"]
[WhiteFideId "642118"]
[BlackFideId "902012"]
[WhiteElo "2369"]
[BlackElo "2508"]
[WhiteTeam "FRA"]
[BlackTeam "SRB"]
[WhiteClock "0:00:21"]
[BlackClock "0:01:51"]

1. d4 d5 2. Bf4 Nf6 3. e3 c6 4. Nf3 Bf5 5. Bd3 Bg6 6. O-O Nbd7 7. c4 e6 8. Nc3 Be7 9. h3 O-O 10. Bxg6 hxg6 11. Ne5 Nxe5 12. dxe5 Nd7 13. cxd5 cxd5 14. e4 dxe4 15. Nxe4 Nc5 16. Nxc5 Bxc5 17. Qxd8 Rfxd8 18. Rfd1 Kf8 19. Kf1 Ke8 20. Ke2 Rxd1 21. Rxd1 Rd8 22. Rxd8+ Kxd8 23. Be3 Bxe3 24. Kxe3 Kd7 25. Kd4 Kc6 26. a4 b5 27. b3 Kb6 28. f4 bxa4 29. bxa4 Ka5 30. Kc5 Kxa4 31. Kd6 a5 32. Ke7 Kb5 33. Kxf7 a4 34. Kxg6 a3 35. f5 a2 36. f6 gxf6 37. exf6 a1=Q 38. f7 Qh8 39. g4 Kc6 40. h4 Kd6 41. h5 Ke7 42. g5 e5 43. h6 e4 44. h7 e3 45. Kh6 Kxf7 46. g6+ Kf6 0-1

[Event "January 9 Early 2024"]
[Site "https://www.chess.com"]
[Date "2024.01.11"]
[Round "9"]
[White "Shohat, Yotam"]
[Black "Zhu, Hengyi"]
[Result "0-1"]
[Board "46"]
[TimeControl "180+1"]
[WhiteFideId "2813955"]
[BlackFideId "8611211"]
[WhiteElo "2463"]
[BlackElo "2804"]
[WhiteTeam "ISR"]
[BlackTeam "CHN"]
[WhiteClock "0:00:11"]
[BlackClock "0:01:27"]

1. e4 e6 2. d4 d5 3. Nc3 Nf6 4. e5 Nfd7 5. f4 c5 6. Nf3 Nc6 7. Be3 a6 8. Ne2 Be7 9. c3 O-O 10. Ng3 f5 11. exf6 Nxf6 12. Bd3 Qb6 13. Qe2 cxd4 14. Nxd4 Bc5 15. Rd1 Kh8 16. Bb1 e5 17. fxe5 Bg4 18. Qc2 Bxd1 19. Qxd1 Nxe5 20. b4 Bd6 21. Ngf5 Nc4 22. Bf2 Rae8+ 23. Kf1 Ne4 24. Bxe4 dxe4 25. Ne6 Rxf5 0-1

[Event "January 9 Early 2024"]
[Site "https://www.chess.com"]
[Date "2024.01.11"]
[Round "9"]
[White "Foisor, Sabina-Francesca"]
[Black "Prudnykova, Olga"]
[Result "0-1"]
[Board "47"]
[TimeControl "180+1"]
[WhiteFideId "1212915"]
[BlackFideId "14121093"]
[WhiteElo "2396"]
[BlackElo "2278"]
[WhiteTeam "USA"]
[BlackTeam "ISL"]
[WhiteClock "0:00:15"]
[BlackClock "0:01:21"]

1. d4 Nf6 2. c4 g6 3. Nc3 d5 4. Bg5 Bg7 5. Nf3 Ne4 6. Bh4 Nxc3 7. bxc3 c5 8. e3 cxd4 9. cxd4 Nc6 10. cxd5 Qxd5 11. Qb3 Qa5+ 12. Nd2 O-O 13. Bc4 e5 14. d5 e4 15. Rd1 Bg4 16. f3 exf3 17. Rc1 fxg2 18. Rg1 Ne5 19. Rxg2 Nxc4 20. Qxc4 Bh3 21. Rg3 Rac8 22. Rxh3 Rxc4 23. Rxc4 Qxd5 24. e4 Qh5 25. Kf2 g5 26. Rc5 f5 0-1

[Event "January 9 Early 2024"]
[Site "https://www.chess.com"]
[Date "2024.01.11"]
[Round "9"]
[White "Arabidze, Meri"]
[Black "Panda Sambit"]
[Result "1-0"]
[Board "48"]
[TimeControl "180+1"]
[WhiteFideId "13604040"]
[BlackFideId "25091794"]
[WhiteElo "2725"]
[BlackElo "2573"]
[WhiteTeam "GEO"]
[BlackTeam "IND"]
[WhiteClock "0:01:00"]
[BlackClock "0:00:29"]

1. Nf3 d5 2. c4 d4 3. b4 f6 4. d3 e5 5. a3 c5 6. b5 b6 7. g3 Bb7 8. Bg2 Bd6 9. a4 a5 10. O-O Ne7 11. e3 O-O 12. Nbd2 Qc7 13. Qe2 Nd7 14. Nh4 Bxg2 15. Kxg2 f5 16. e4 f4 17. Qg4 Nf6 18. Qe6+ Kh8 19. Ndf3 Rae8 20. gxf4 Ned5 21. Qh3 Nxf4+ 22. Bxf4 exf4 23. Ng6+ Kg8 24. Nxf8 Rxf8 25. e5 Bxe5 26. Qe6+ Rf7 27. Nxe5 Qb7+ 28. Kg1 1-0

[Event "January 9 Early 2024"]
[Site "https://www.chess.com"]
[Date "2024.01.11"]
[Round "9"]
[White "Sielecki, Christof"]
[Black "Lopez Idarraga, Daniel Eduardo"]
[Result "0-1"]
[Board "49"]
[TimeControl "180+1"]
[WhiteFideId "4620437"]
[BlackFideId "4405501"]
[WhiteElo "2543"]
[BlackElo "2428"]
[WhiteTeam "GER"]
[BlackTeam "COL"]
[WhiteClock "0:00:07"]
[BlackClock "0:01:31"]

1. d4 d5 2. Nf3 Nf6 3. g3 Bf5 4. c4 c6 5. Nc3 e6 6. Qb3 Qb6 7. c5 Qxb3 8. axb3 Nbd7 9. b4 Be7 10. b5 a5 11. b4 a4 12. b6 Bc2 13. Bf4 O-O 14. e3 Ne4 15. Nxe4 dxe4 16. Nd2 a3 17. Nc4 a2 18. Kd2 Bb1 19. Be2 Ra4 20. Kc3 Nf6 21. Kb3 Rfa8 22. Na5 Rxb4+ 23. Kxb4 Nd5+ 24. Kb3 Rxa5 25. Bc7 f5 26. Bc4 Bf6 27. Rd1 Rxc5 28. Bxd5 exd5 29. Kb4 Rb5+ 30. Kc3 Be7 31. Kd2 Bb4+ 32. Ke2 Bc3 0-1

[Event "January 9 Early 2024"]
[Site "https://www.chess.com"]
[Date "2024.01.11"]
[Round "9"]
[White "Ranaldi, Lucas"]
[Black "Indjic, Aleksandar"]
[Result "0-1"]
[Board "50"]
[TimeControl "180+1"]
[WhiteFideId "1519484"]
[BlackFideId "911925"]
[WhiteElo "2720"]
[BlackElo "2895"]
[WhiteTeam "NOR"]
[BlackTeam "SRB"]
[WhiteClock "0:00:01"]
[BlackClock "0:01:17"]

1. Nf3 d5 2. d4 Bf5 3. c4 e6 4. Nc3 Nf6 5. Bg5 c6 6. e3 Nbd7 7. Bd3 Bg6 8. O-O Be7 9. Qe2 Ne4 10. Bxe7 Qxe7 11. Qc2 f5 12. Rab1 Bh5 13. Nd2 Qg5 14. Kh1 Qh4 15. Ndxe4 fxe4 16. Be2 Bg6 17. b4 O-O 18. Kg1 Rf6 19. g3 Qh3 20. Nd1 Raf8 21. Re1 Bf5 22. Bf1 Qh5 23. Rb2 Bh3 24. b5 Rh6 25. f4 exf3 26. Nf2 Bxf1 27. Kxf1 Qxh2 0-1

[Event "January 9 Early 2024"]
[Site "https://www.chess.com"]
[Date "2024.01.11"]
[Round "9"]
[White "Kobalia, Mikhail"]
[Black "Daneshvar, Bardiya"]
[Result "1-0"]
[Board "51"]
[TimeControl "180+1"]
[WhiteFideId "4119150"]
[BlackFideId "12576468"]
[WhiteElo "2830"]
[BlackElo "2937"]
[WhiteTeam "FID"]
[BlackTeam "IRI"]
[WhiteClock "0:00:26"]
[BlackClock "0:01:22"]

1. e4 e5 2. Nf3 Nc6 3. Bb5 Nf6 4. O-O Nxe4 5. Re1 Nd6 6. Nxe5 Be7 7. Bf1 Nf5 8. Nf3 O-O 9. d4 d5 10. c3 Bd6 11. Bd3 g6 12. Bg5 f6 13. Bc1 Nce7 14. c4 c6 15. Nc3 dxc4 16. Bxc4+ Kg7 17. h3 Bc7 18. d5 b5 19. Bb3 b4 20. Ne4 cxd5 21. Nc5 Qd6 22. Nd3 g5 23. Bd2 a5 24. Rc1 Bb6 25. g4 Qg3+ 26. Kh1 Qxh3+ 27. Nh2 Qxd3 28. gxf5 Nxf5 29. Rc6 Bxf2 30. Rc7+ Kg6 31. Bc2 Qg3 32. Ree7 Rh8 33. Rg7+ Kh6 34. Ng4+ Qxg4 35. Qxg4 Nxg7 36. Qf3 1-0